AoeStats
← Navix de los Bosques de Lituania

Arabia

508355383Analyzed
2v2 RM · 8d ago on Sep 22, 2026· 31m 55s· 4 players
Game mode
Random Map
Map size
Medium (4 player)
Population
200
Speed
Normal
Resources
Standard
Victory
Conquest
Starting age
Dark Age
Ending age
Imperial Age
RankedLock teamsTeams togetherTeam positionsShared explorationLock speedFull tech treeHidden civsTurbo modeCheats
Victory
Defeat
🇨🇴 Slavs · Colombia
777
+16
765
+17
🇧🇷 Lithuanians · Brazil
834
-18
🇧🇷 Bulgarians · Brazil
737
-15
Navix de los Bosques de Lituania
5:15 Loom
11:20 Feudal Age
11:22 Man-at-Arms
11:47 Arson
12:03 Long Swordsman
13:40 Scale Mail Armor
14:03 Forging
25:48 Scale Mail Armor
29:27 Wheelbarrow
28:40 Double-Bit Axe
28:45 Gold Mining
29:39 Horse Collar
Derzer
8:20 Loom
10:11 Feudal Age
13:33 Man-at-Arms
20:52 Padded Archer Armor
22:33 Fletching
26:47 Castle Age
27:01 Crossbowman
27:42 Town Watch
28:15 Double-Bit Axe
28:15 Horse Collar
joselitopereirajr
5:21 Loom
11:26 Feudal Age
15:51 Castle Age
25:46 Loom
26:27 Town Watch
Que vc se lasque
6:58 Loom
10:22 Feudal Age
10:52 Double-Bit Axe
15:36 Horse Collar
16:48 Scale Mail Armor
17:55 Forging
24:04 Castle Age
23:51 Scale Barding Armor
24:00 Bloodlines
24:03 Gold Mining
24:06 Stone Mining
26:19 Gold Shaft Mining
27:03 Heavy Plow
29:18 Bow Saw
30:18 Iron Casting
31:16 Gambesons
Connection lost

Rejoining the realm…

Still unreachable

The connection could not be restored.

Session expired

The server has moved on; the page needs a fresh start.